 Dungeon Crawl Stone Soup version 0.24.0-123-gd5b16e6ec5 (webtiles) character file.

Game seed: 9647938298470318570, levelgen mode: deterministic

245 Emblim88 the Sneak (level 5, -4/24 HPs)
             Began as a Spriggan Venom Mage on Jan 4, 2020.
             Killed from afar by an orc wizard (12 damage)
             ... with a puff of flame
             ... on level 6 of the Dungeon.
             The game lasted 00:12:06 (3967 turns).

Emblim88 the Sneak (Spriggan Venom Mage)            Turns: 3967, Time: 00:12:08

Health: -4/24      AC:  3    Str:  4    XL:     5   Next: 84%
Magic:  20/20      EV: 22    Int: 18    God:
Gold:   144        SH:  0    Dex: 16    Spells: 5/11 levels left

rFire    . . .     SeeInvis +   n - +0 hunting sling
rCold    . . .     Gourm    .   (shield restricted)
rNeg     . . .     Faith    .   a - +0 robe
rPois    .         Spirit   .   (helmet restricted)
rElec    .         Reflect  .   v - +0 cloak
rCorr    .         Harm     .   (gloves unavailable)
MR       .....                  (boots unavailable)
Stlth    +++.......             (no amulet)
HPRegen  0.08/turn              q - ring of magical power
MPRegen  0.17/turn              l - +3 ring of evasion

@: very quick
A: very small, unfitting armour, see invisible, herbivore, speed 3, slow
metabolism 2
a: no special abilities


You were on level 6 of the Dungeon.
You were not hungry.

You visited 1 branch of the dungeon, and saw 6 of its levels.

You collected 144 gold pieces.

Inventory:

Hand Weapons
 d - a +0 dagger
 n - a +0 hunting sling (weapon)
Missiles
 e - 139 stones (quivered)
 o - 12 sling bullets
Armour
 a - a +0 robe (worn)
 v - a +0 cloak (worn)
Jewellery
 j - an uncursed ring of protection from cold
 l - a +3 ring of evasion (right hand)
 q - a ring of magical power (left hand)
Scrolls
 b - 2 scrolls of identify {unknown}
 f - 2 scrolls of magic mapping {unknown}
 i - a scroll of fog {unknown}
 k - a scroll of remove curse {unknown}
 r - a scroll of fear {unknown}
 s - a scroll of immolation {unknown}
 u - a scroll of random uselessness {unknown}
Potions
 g - a potion of degeneration {unknown}
 h - a potion of brilliance {unknown}
 m - a potion of heal wounds {unknown}
 p - 2 potions of curing {unknown}
 t - a potion of might
 w - 2 potions of agility {unknown}
 x - a potion of haste {unknown}
Comestibles
 c - 6 rations


   Skills:
 + Level 4.3 Dodging
 * Level 6.0 Stealth
 + Level 3.8 Spellcasting
 + Level 1.7 Conjurations
 * Level 4.0 Poison Magic


You had 5 spell levels left.
You knew the following spells:

 Your Spells              Type           Power        Failure   Level  Hunger
a - Sting                 Conj/Pois      ##..         4%          1    None
b - Poisonous Vapours     Pois/Air       ##....       10%         2    ##.....
c - Mephitic Cloud        Conj/Pois/Air  ##......     21%         3    ###....

Your spell library contained the following spells:

 Spells                   Type           Power        Failure   Level  Hunger
 Olgreb's Toxic Radiance  Pois           ###.....     28%         4    ####...
 Venom Bolt               Conj/Pois      ##........   77%         5    ######.


Dungeon Overview and Level Annotations

Branches:
Dungeon (7/15)
 Temple: D:4-7

Altars:
Makhleb

Annotations:
D:4 Eustachio


Innate Abilities, Weirdness & Mutations

You are very small and have problems with some larger weapons.
You are too small for most types of armour.
You have supernaturally acute eyesight. (SInv)
You are a herbivore.
You cover ground extremely quickly.
You need to consume almost no food.


Message History

There is an escape hatch in the ceiling here.
The worker ant barely misses you. x2; The iguana closely misses you.
A mysterious force pulls you upwards. The hatch slams shut behind you.
An orc, an orc priest and 2 orc wizards come into view.
The orc shouts!
The orc priest shouts!
You hear a shout!
Found a ration.
An ogre comes into view. It is wielding a +0 giant spiked club.
The orc priest miscasts a cantrip.
The orc wizard looks braver for a moment.
The ogre closely misses you.
You open the door.
The orc wizard casts a spell.
The orc wizard blinks!
The orc wizard points at you and mumbles some strange words.
The magic dart hits you but does no damage.
There is an open door here.
The orc wizard points at you and mumbles some strange words.
The puff of flame hits you!
Ouch! That really hurt!
You die...

#...#
+...###########
#...#..........
#o..#..........
#...+..........
#...#..........
#...#..........
#.@.o..........
#..l#..........
##'#.o.........
#.#oa%........
#.#.##########
#...# #####


You could see an iguana, a worker ant, an orc priest, 2 orc wizards and an orc.

Vanquished Creatures
  An ogre (D:2)
  Robin (D:2)
  3 gnolls (D:2)
  5 adders
  2 worms (D:2)
  2 dart slugs (D:2)
  3 leopard geckos
  4 bats
  14 goblins
  11 hobgoblins
  3 quokkas
  A ball python (D:1)
  5 frilled lizards
  6 kobolds
  11 rats
72 creatures vanquished.

Notes
Turn   | Place    | Note
-------+----------+-------------------------------------------
     0 | D:1      | Emblim88 the Spriggan Venom Mage began the quest for the
                  | Orb.
     0 | D:1      | Reached XP level 1. HP: 9/9 MP: 5/5
   332 | D:1      | Reached XP level 2. HP: 13/13 MP: 2/6
  1046 | D:2      | Reached skill level 1 in Conjurations
  1063 | D:2      | Reached skill level 4 in Stealth
  1063 | D:2      | Reached XP level 3. HP: 15/16 MP: 5/8
  1106 | D:2      | Noticed an ogre
  1144 | D:2      | Killed an ogre
  1144 | D:2      | Reached skill level 5 in Stealth
  1144 | D:2      | Reached XP level 4. HP: 2/21 MP: 1/10
  1504 | D:2      | Reached XP level 5. HP: 24/24 MP: 7/11
  1553 | D:2      | Learned a level 2 spell: Poisonous Vapours
  1664 | D:2      | Noticed Robin
  2001 | D:2      | Killed Robin
  2792 | D:2      | Learned a level 3 spell: Mephitic Cloud
  3473 | D:3      | Found a burning altar of Makhleb.
  3508 | D:3      | Reached skill level 6 in Stealth
  3913 | D:4      | Noticed Eustachio
  3942 | D:4      | You fall into a shaft and drop 3 floors!
  3956 | D:6      | Noticed an ogre
  3967 | D:6      | Killed from afar by an orc wizard

Levels and vault maps discovered:
D:1:      minmay_arrival_stone_box, layout_basic, minmay_tetromino_i2
D:2:      layout_basic, first_ration, uniq_robin
D:3:      layout_rooms, bloody_makhleb
D:4:      kennysheep_goblin_castle, layout_cave_pods, temple_hall, serial_shops,
          kennysheep_little_box, shop, shop, nicolae_shop_waterfront,
          nicolae_shop_trees, nicolae_ru_the_path_less_chosen, uniq_eustachio
D:6:      cheibrodos_fertilizer, layout_basic, uniq_duvessa, uniq_sigmund
D:7:      minmay_the_grid_square_5x5_3x3 [minmay_the_grid_square_5x5_forky,
          minmay_the_grid_square_5x5_n, minmay_the_grid_square_5x5_empty,
          minmay_the_grid_square_5x5_percent,
          minmay_the_grid_square_5x5_megaprize_crossed,
          minmay_the_grid_square_5x5_inner_v,
          minmay_the_grid_square_5x5_two_walls_b,
          minmay_the_grid_square_5x5_tetrominoes,
          minmay_the_grid_square_5x5_minibox], layout_cave_pools, serial_shops,
          shop, basic_altar, serial_column_ruins, column_ruins_corridor_corner,
          column_ruins_grid_4, column_ruins_open_tiny, column_ruins_open_large

Skill      XL: |  1  2  3  4  5 |
---------------+----------------+-----
Spellcasting   | 3 |  3.8
Conjurations   | 1 |  1.7
Stealth        | 4 5 6 |  6.0
Dodging        | 4 |  4.3
Poison Magic   | 4 |  4.0

Action                   |  1- 3 |  4- 6 || total
-------------------------+-------+-------++-------
 Fire: Hunting sling     |       |   178 ||   178
Throw: Stone             |     8 |       ||     8
 Cast: Sting             |    42 |    60 ||   102
Armor: Robe              |       |    11 ||    11
Dodge: Dodged            |     4 |   111 ||   115
